 Dungeon Crawl Stone Soup version 0.19.1 (webtiles) character file.

140 dvd the Conjurer (level 5, -2/28 HPs)
             Began as a Deep Elf Conjurer on Dec 4, 2016.
             Killed from afar by an orc wizard (7 damage)
             ... with a puff of frost
             ... on level 3 of the Dungeon.
             The game lasted 00:08:15 (2670 turns).

dvd the Conjurer (Deep Elf Conjurer)                Turns: 2670, Time: 00:08:15

Health: -2/28      AC:  2    Str:  5    XL:     5   Next: 2%
Magic:  4/13       EV: 13    Int: 21    God:
Gold:   115        SH:  0    Dex: 15    Spells: 4 memorised, 2 levels left

rFire  . . .     SeeInvis .     f - +0 short sword
rCold  . . .     Gourm    .     a - +0 robe
rNeg   . . .     Faith    +     (no shield)
rPois  .         Spirit   .     (no helmet)
rElec  .         Reflect  .     (no cloak)
rCorr  .         Harm     .     (no gloves)
MR     .....     Rnd*Tele +     (no boots)
Stlth  ++........               m - amulet of faith
                                (no ring)
                                l - ring of teleportation (curse)

@: no status effects
A: no striking features
a: no special abilities


You were on level 3 of the Dungeon.
You were not hungry.

You visited 1 branch of the dungeon, and saw 3 of its levels.

You collected 115 gold pieces.

Inventory:

Hand Weapons
 f - a +0 short sword (weapon)
 g - a +0 dagger
Armour
 a - a +0 robe (worn)
Jewellery
 l - a cursed ring of teleportation (left hand)
 m - an amulet of faith (around neck)
Scrolls
 p - 2 scrolls of teleportation
Potions
 h - a potion of mutation {unknown}
 j - a potion of brilliance {unknown}
 k - a potion of flight {unknown}
 o - a potion of agility
Books
 b - a book of Conjurations

   Spells                             Type                      Level
   a - Magic Dart                     Conjuration                  1
   b - Searing Ray                    Conjuration                  2
   c - Dazzling Spray                 Conjuration/Hexes            3
   d - Fulminant Prism                Conjuration/Hexes            4
   e - Iskenderun's Mystic Blast      Conjuration                  4
   f - Iskenderun's Battlesphere      Conjuration/Charms           5
Comestibles
 c - 3 bread rations
 d - 2 chunks of flesh
 n - 2 beef jerkies


   Skills:
 + Level 0.6 Short Blades
 + Level 2.9 Dodging
 + Level 3.5 Stealth
 + Level 4.0 Spellcasting
 + Level 5.8 Conjurations


You had 2 spell levels left.
You knew the following spells:

 Your Spells              Type           Power        Failure   Level  Hunger
a - Magic Dart            Conj           ####         1%          1    None
b - Searing Ray           Conj           ####..       1%          2    #......
c - Dazzling Spray        Conj/Hex       ###...       14%         3    ###....
d - Iskenderun's Mystic   Conj           ####....     14%         4    ####...


Dungeon Overview and Level Annotations

Branches:
Dungeon (3/15)

Altars:
Okawaru
Yredelemnul


Message History

Your surroundings suddenly seem different.
An orc wizard comes into view. It is wielding a dagger.
The orc wizard shouts!
The orc wizard gestures wildly while chanting.
The orc wizard seems to speed up.
An orc wizard comes into view. It is wielding a dagger.
The orc wizard shouts!
The orc wizard gestures at you while chanting.
The puff of frost hits you!
* * * LOW HITPOINT WARNING * * *
An orc comes into view.
The orc wizard mumbles some strange words.
The orc wizard flickers and vanishes!
Deactivating autopickup; reactivate with Ctrl-A.
The goblin shouts!
You feel a little less agile now.
The orc wizard gestures wildly while chanting.
The orc wizard gestures at you while chanting.
The puff of frost hits you!
You die...

### $...#
#.#.##.#..#
#.#.......#
..........#
#.#.......#
#.#.......#.
#.#†.#......
#.#......>..
##.g.@#.#...
###....##
#......#
#......#
#......#
###..o.#
#....#
#...{#
#.........


You could see an orc wizard and a goblin.

Vanquished Creatures
  Terence (D:3)
  2 adders (D:2)
  3 worms
  2 dart slugs (D:1)
  5 leopard geckos
  An orc (D:2)
  7 giant cockroaches
  7 hobgoblins
  6 jackals (D:2)
  9 kobolds
  2 quokkas
  7 bats
  5 frilled lizards
  10 goblins
  6 rats
73 creatures vanquished.

Notes
Turn   | Place    | Note
-------+----------+-------------------------------------------
     0 | D:1      | dvd the Deep Elf Conjurer began the quest for the Orb.
     0 | D:1      | Reached XP level 1. HP: 10/10 MP: 6/6
   234 | D:1      | Reached XP level 2. HP: 15/15 MP: 1/8
   440 | D:1      | Reached skill level 5 in Conjurations
   489 | D:1      | Learned a level 2 spell: Searing Ray
   760 | D:2      | Reached XP level 3. HP: 19/19 MP: 4/9
  1067 | D:2      | Learned a level 3 spell: Dazzling Spray
  1319 | D:1      | Learned a level 1 spell: Magic Dart
  1517 | D:2      | Reached XP level 4. HP: 20/24 MP: 2/11
  1865 | D:2      | Found an iron altar of Okawaru.
  2145 | D:2      | Learned a level 4 spell: Iskenderun's Mystic Blast
  2597 | D:3      | Found a basalt altar of Yredelemnul.
  2597 | D:3      | Noticed Terence
  2609 | D:3      | Killed Terence
  2609 | D:3      | Reached XP level 5. HP: 2/28 MP: 1/13
  2610 | D:3      | HP: 2/42 [poisoned by Terence]
  2670 | D:3      | Killed from afar by an orc wizard

Skill      XL: |  1  2  3  4 |
---------------+-------------+-----
Conjurations   | 5 |  5.8
Stealth        | 3 |  3.5
Spellcasting   | 4 |  4.0
Short Blades   | |  0.6
Dodging        | |  2.9

Action                   |  1- 3 |  4- 6 || total
-------------------------+-------+-------++-------
Melee: Short sword       |     7 |    13 ||    20
 Cast: Magic Dart        |    58 |     9 ||    67
       Searing Ray       |    15 |    13 ||    28
       Dazzling Spray    |     1 |     3 ||     4
  Use: Scroll            |     3 |       ||     3
       Potion            |       |     3 ||     3
 Stab: Sleeping          |     3 |     7 ||    10
       Invisible         |       |     1 ||     1
  Eat: Chunk             |     2 |     4 ||     6
Armor: Robe              |     3 |     5 ||     8
Dodge: Dodged            |    31 |    23 ||    54
